 Dungeon Crawl Stone Soup version 0.31-a0-1626-g5cb510d322 (webtiles) character file.

Game seed: 7704711131056164991

158 oldmanjim the Magician (level 5, -2/38 HPs)
             Began as a Djinni Summoner on Jan 12, 2024.
             Killed by divine providence
             ... invoked by an orc priest
              (11 damage)
             ... on level 3 of the Dungeon.
             The game lasted 00:19:38 (2380 turns).

oldmanjim the Magician (Djinni Summoner)            Turns: 2380, Time: 00:19:44

Health: -2/38      AC:  4    Str:  7    XL:     5   Next: 67%
Gold:   93         EV: 13    Int: 19    God:
                   SH:  0    Dex: 13

rFire   + + .        c - +4 dagger
rCold   x . .        (no shield)
rNeg    . . .        p - +2 robe {Will+}
rPois   ∞            (no helmet)
rElec   .            (no cloak)
rCorr   .            (no gloves)
SInv    .            (boots unavailable)
Will    +....        (no amulet)
Stlth   ++           (no ring)
HPRegen 0.26/turn    (no ring)
MPRegen 0.00/turn

%: infuse magic (-3 HP)
@: unable to call your familiar, flying
A: sickness immunity, fire resistance 2, cold vulnerability 1, float, innate
caster, HP casting, extra vitality 1
a: no special abilities


You were on level 3 of the Dungeon.
You visited 1 branch of the dungeon, and saw 3 of its levels.

You collected 93 gold pieces.

Inventory:

Hand Weapons
 c - a +4 dagger (weapon)
Missiles
 b - 25 stones
 h - 3 poisoned darts
Armour
 e - a +1 ring mail of fire resistance
 p - a +2 robe of willpower (worn)
Wands
 o - a wand of light (11)
Scrolls
 d - 2 scrolls of identify {unknown}
 g - 4 scrolls of teleportation {unknown}
 i - a scroll of brand weapon {unknown}
 l - a scroll of fear {unknown}
Potions
 f - a potion of invisibility {unknown}
 j - 2 potions of attraction {unknown}
 k - a potion of curing {unknown}
 m - a potion of haste {unknown}
 n - a potion of lignification {unknown}


   Skills:
 + Level 2.1 Fighting
 + Level 3.8 Dodging
 - Level 2.0 Stealth
 * Level 4.2 Spellcasting
 * Level 4.2 Conjurations
 * Level 4.2 Hexes
   Level 0.0 Charms
 * Level 4.2 Summonings
 * Level 4.2 Necromancy
 * Level 4.2 Translocations
   Level 0.0 Transmutations
 * Level 4.2 Fire Magic
 * Level 4.2 Ice Magic
 * Level 4.2 Air Magic
 * Level 4.2 Earth Magic
 * Level 4.2 Alchemy


You knew the following spells:

 Your Spells              Type           Power      Damage    Failure   Level
a - Summon Small Mammal   Summ           80%        N/A       2%          1
b - Call Imp              Summ           40%        N/A       3%          2
c - Call Canine Familiar  Summ           20%        N/A       7%          3
d - Summon Blazeheart Go  Fire/Summ      20%        N/A       22%         4
e - Summon Lightning Spi  Summ/Air       20%        N/A       22%         4
f - Foxfire               Conj/Fire      80%        2x1d8     2%          1
g - Mercury Vapours       Alch/Air       40%        N/A       3%          2
Your spell library was empty.

Dungeon Overview and Level Annotations

Branches:
Dungeon (3/15)

Altars:
Dithmenos
Trog


Innate Abilities, Weirdness & Mutations

You are immune to sickness and miasma.
You are immune to poison.
Your flesh is very heat resistant. (rF++)
You are vulnerable to cold. (rC-)
You float through the air rather than walking.
You learn spells naturally, not from books.
Your magical power is your life essence.
You have superior vitality. (+4 MHP)


Message History

Confirm with . or Enter, or press ? or * to list all spells.
Aiming: Mercury Vapours (safe; 3% risk of failure)
Press: ? - help, Dir - move target, f - orc
Aim: an orc, wielding a +0 dagger (heavily wounded, chance to weaken: 100%) Fumes of mercury billow around the orc!
The orc is poisoned.
The orc looks weaker.
The orc priest looks weaker.
Your cerulean imp looks weaker.
Your inugami looks weaker.
The orc closely misses your inugami.
The orc wizard hits your inugami with a +0 dagger.
The orc priest hits your cerulean imp with a +0 trident.
Your cerulean imp hits the orc priest but does no damage.
Your inugami closely misses the orc.
The orc hits your inugami but does no damage.
The orc wizard casts a spell at you.
Your inugami easily resists.
The orc priest hits your cerulean imp with a +0 trident.
Your cerulean imp dies!
Your cerulean imp disappears in a puff of smoke!
Your inugami barely misses the orc.
There is an open door here.
Unknown command.
Casting: Mercury Vapours (safe; 3% risk of failure)
Confirm with . or Enter, or press ? or * to list all spells.
A tiny devil pulls itself out of the air.
The orc misses your inugami.
The orc wizard hits your inugami with a +0 dagger.
The orc priest mumbles some strange prayers to Beogh against you.
Beogh smites you!
* * * LOW HITPOINT WARNING * * *
Your inugami closely misses the orc.
The orc hits your inugami with a +0 dagger.
The orc wizard hits your inugami but does no damage.
Your inugami hits the orc wizard but does no damage.
The orc is no longer weakened.
The orc hits your inugami with a +0 dagger.
Your inugami dies!
Your inugami disappears in a puff of smoke!
The orc priest calls down the wrath of Beogh upon you.
Beogh smites you!
You die...

..........#
##...###### #g#
..........# ##....#
##.## ..#.....g.#
##....## ##..g#
..#.......###.....#
#..#.##
..........[.'.....#
#.....#
..#>.#....###.....#
#...#g# ..#.......#
##....# #..##.# .
##.###..# ##...#
#..##g# ... ...#
##@5# #...g.# ###.
##### ##'# #..#r.#
#.# # #>##..#
#rr.##8.8####<.#
#o#.# #......>.#
.oo.# #######.##
... # #.# #...# #.#
..... #.#


You could see an orc priest (weak), an orc wizard (ally target), an orc
(poisoned, ally target), a friendly cerulean imp (summoned) and 2 friendly
quokkas.

Vanquished Creatures
  Jessica (D:3)
  3 adders
  A gnoll (D:3)
  A giant cockroach (D:1)
  A hobgoblin (D:2)
  A quokka (D:3)
  A ball python (D:2)
  A bat (D:3)
  A frilled lizard (D:2)
  A rat (D:2)
12 creatures vanquished.

Vanquished Creatures (collateral kills)
  An orc wizard (D:3)
  3 gnolls (D:3)
  A dart slug (D:1)
  5 orcs (D:3)
  3 endoplasms
  A goblin (D:1)
  2 hobgoblins
  5 kobolds
  A quokka (D:1)
  4 ball pythons (D:1)
  2 frilled lizards (D:1)
  A rat (D:1)
29 creatures vanquished.

Grand Total: 41 creatures vanquished

Notes
Turn   | Place    | Note
-------+----------+-------------------------------------------
     0 | D:1      | oldmanjim the Djinni Summoner began the quest for the Orb.
     0 | D:1      | oldmanjim set off with the following spells memorised:
                  | Summon Small Mammal, Call Imp, Call Canine Familiar, Summon
                  | Blazeheart Golem, Summon Lightning Spire.
     0 | D:1      | Reached XP level 1. HP: 15/15 MP: 0/0
   194 | D:1      | Reached XP level 2. HP: 20/21 MP: 0/0
  1026 | D:1      | Reached XP level 3. HP: 24/25 MP: 0/0
  1026 | D:1      | Learned a level 1 spell: Foxfire
  1491 | D:2      | Found a bloodstained altar of Trog.
  1769 | D:2      | Reached skill level 1 in Fighting
  1769 | D:2      | Reached XP level 4. HP: 18/32 MP: 0/0
  1999 | D:3      | Found a shadowy altar of Dithmenos.
  2076 | D:3      | Reached XP level 5. HP: 35/37 MP: 0/0
  2076 | D:3      | Learned a level 2 spell: Mercury Vapours
  2193 | D:3      | Noticed Jessica
  2205 | D:3      | Killed Jessica
  2380 | D:3      | Killed from afar by an orc priest

Illustrated notes

Levels and vault maps discovered:
D:1:      saegor_arrival_simple_a, layout_basic
D:2:      layout_loops_ring, basic_altar
D:3:      layout_loops_corners, nicolae_dithmenos_the_darkroom,
          mainiacjoe_overflow_divided_tiny, shapermc_ecumenical_altar_petra,
          dreamdust_mushroom_princess, uniq_jessica

Skill      XL: |  1  2  3  4  5 |
---------------+----------------+-----
Stealth        | 2 |  2.0
Dodging        | 3 |  3.8
Fighting       | 1 2 |  2.1
Spellcasting   | 4 |  4.2
Conjurations   | 4 |  4.2
Hexes          | 4 |  4.2
Summonings     | 4 |  4.2
Necromancy     | 4 |  4.2
Translocations | 4 |  4.2
Fire Magic     | 4 |  4.2
Ice Magic      | 4 |  4.2
Air Magic      | 4 |  4.2
Earth Magic    | 4 |  4.2
Alchemy        | 4 |  4.2

Action                     |  1- 3 |  4- 6 || total
---------------------------+-------+-------++-------
  Melee: Dagger            |    16 |    14 ||    30
   Cast: Summon Small Mamm |    32 |     7 ||    39
         Call Imp          |     9 |     9 ||    18
         Call Canine Famil |     1 |     5 ||     6
         Mercury Vapours   |       |     3 ||     3
   Stab: Sleeping          |     1 |       ||     1
 Armour: Robe              |    24 |    12 ||    36
  Dodge: Dodged            |    19 |    10 ||    29

Table legend: (Time is in decaauts)
 A = Elapsed time spent in this place.
 B = Non-inter-level travel time spent in this place.
 C = Inter-level travel time spent in this place.
 D = Time resting spent in this place.
 E = Time spent auto-exploring this place.
 F = Levels seen in this place.
 G = Mean time per level.
                   A        B        C        D        E       F      G
               +--------+--------+--------+--------+--------+-----+--------+
         Total |   2379 |   2302 |     77 |     32 |   1805 |   3 |  793.0 |
       Dungeon |   2379 |   2302 |     77 |     32 |   1805 |   3 |  793.0 |
               +--------+--------+--------+--------+--------+-----+--------+

Top non-repeatable levels by time:
     D:1: 1076 daAuts
     D:2: 664 daAuts
     D:3: 638 daAuts
